 Dungeon Sprint DCSS version 0.31-a0-596-g831eee08f1 (webtiles) character file.

Game seed: 14042444837774299129

1800000 sircluck the Portalist (level 15, -14/91 HPs)
             Began as a Spriggan Warper on Aug 20, 2023.
             Was an Elder of Makhleb.
             Demolished by a meat berserker
             ... wielding a +9 battleaxe
              (71 damage)
             ... in the Dungeon (Sprint VIII: "Arena of Blood").
             The game lasted 00:00:30 (18 turns).

sircluck the Portalist (Spriggan Warper)              Turns: 18, Time: 00:00:30

Health: -14/91     AC:  2    Str:  7    XL:     15   Next: 8%
Magic:  6/41       EV: 40    Int: 16    God:    Makhleb [****..]
Gold:   0          SH:  0    Dex: 21    Spells: 56/56 levels left

rFire   . . .        j - +∞ Axe of Woe
rCold   . . .        (shield currently unavailable)
rNeg    . . .        b - +0 robe
rPois   .            (helmet restricted)
rElec   .            (no cloak)
rCorr   .            (gloves unavailable)
SInv    +            (boots unavailable)
Will    ++...        (no amulet)
Stlth   ++           (no ring)
HPRegen 0.35/turn    (no ring)
MPRegen 0.27/turn

%: no teleportation
@: very quick
A: very small, no large weapons, unfitting armour, see invisible, speed 3
a: Renounce Religion, Minor Destruction, Lesser Servant of Makhleb, Major
Destruction


You were in the Dungeon.
You worshipped Makhleb.
Makhleb was greatly pleased with you.
You visited 1 branch

Inventory:

Hand Weapons
 a - a +0 hand axe
 j - the +∞ Axe of Woe (weapon)
   (You found it in the Dungeon)
Missiles
 d - 7 darts of dispersal (quivered)
Armour
 b - a +0 robe (worn)
Scrolls
 c - 2 scrolls of blinking
Potions
 e - a potion of curing
 f - a potion of heal wounds
 g - a potion of haste
 h - 2 potions of magic
 i - a potion of berserk rage


   Skills:
 + Level 16.0 Fighting
 + Level 16.0 Axes
 + Level 18.7 Throwing
 + Level 23.7 Dodging
 + Level 21.4 Spellcasting
 + Level 25.0 Translocations


You had 56 spell levels left.
You didn't know any spells.
Your spell library contained the following spells:

 Spells                   Type           Power      Damage    Failure   Level
 Blink                    Tloc           100%       N/A       0%          2
 Lesser Beckoning         Tloc           100%       N/A       0%          2
 Teleport Other           Tloc           77%        N/A       0%          3
 Manifold Assault         Tloc           77%        N/A       0%          4
 Vhi's Electric Charge    Tloc/Air       100%       N/A       1%          3


Dungeon Overview and Level Annotations

Branches:
Dungeon (1/1)

Altars:
Makhleb


Innate Abilities, Weirdness & Mutations

You are very small and have problems with some larger weapons.
You are too small for most types of armour.
You have supernaturally acute eyesight. (SInv)
You cover ground extremely quickly. (Speed+++)


Message History

The meat berserker rages.
A bag of meat comes into view. It is wielding a +9 war axe. x3
The meat berserker hits you with a +9 battleaxe!!!!
Ouch! That really hurt!
* * * LOW HITPOINT WARNING * * *
A meat berserker comes into view. It is wielding a +9 battleaxe.
A bag of meat comes into view. It is wielding a +9 war axe.
Your Fighting skill increases to level 16!
Your Axes skill increases to level 16!
Your Throwing skill increases to level 18!
Your Dodging skill increases to level 23!
Your Spellcasting skill increases to level 21!
Your Translocations skill gained 2 levels and is now at level 25!
You have reached level 15!
Your experience leads to an increase in your attributes!
Increase (S)trength, (I)ntelligence, or (D)exterity?
You feel agile. x2; You feel clever.
Unknown command.
Unknown command.
The bag of meat shouts! x4
You slash the bag of meat!
You cleave the bag of meat in twain.
You kill the bag of meat!
Makhleb accepts your kill.
You feel better.
You slash the meat berserker!
You pulverise the meat berserker into a thin bloody mist.
You kill the meat berserker!
Makhleb accepts your kill.
You can now hurl Makhleb's greater destruction.
You hit the meat berserker.
You hew the meat berserker violently.
You kill the meat berserker!
Makhleb accepts your kill.
You feel better.
The large bag of meat appears out of thin air!
A large bag of meat comes into view. It is wielding a +9 giant spiked club.
The large bag of meat shouts in stereo!
You hear a shout! x4
The meat berserker rages.
A bag of meat comes into view. It is wielding a +9 war axe. x2
The meat berserker hits you with a +9 battleaxe!!!
Ouch! That really hurt!
You die...

##o..#.....o..
..o.o.#....oo......
.O..o............o..
..o......o........
.#..o.o...#.......#
....#.o.. #.......#
.#....))###O......###.
....oO.@)....###......
...o.#O))....._.......
...#...Oo..#.....#....
#..........#_.<._# .
...#.......#.....#
.....#........_.....
.............###......
......o###..O ..###.
..... #... o.#


You could see a large bag of meat (inner flame), 5 meat berserkers and 16 bags
of meat.

Vanquished Creatures
  4 ogres (D)
  8 orcs (D)
12 creatures vanquished.

Notes
Turn   | Place    | Note
-------+----------+-------------------------------------------
     0 | D        | Found the +∞ Axe of Woe
     0 | D        | sircluck the Spriggan Warper began the quest for the Orb.
     0 | D        | Reached XP level 1. HP: 10/10 MP: 5/5
     1 | D        | Noticed a bag of meat
     3 | D        | Became a worshipper of Makhleb the Destroyer
     5 | D        | Noticed a bag of meat
     5 | D        | Noticed a bag of meat
     6 | D        | Noticed a bag of meat
     6 | D        | Noticed a bag of meat
     6 | D        | Noticed a bag of meat
     6 | D        | Noticed a bag of meat
     7 | D        | Noticed a bag of meat
     7 | D        | Noticed a bag of meat
     8 | D        | Noticed a meat berserker
     9 | D        | Noticed a bag of meat
    12 | D        | Killed a bag of meat
    12 | D        | Noticed a bag of meat
    12 | D        | Noticed a bag of meat
    12 | D        | Noticed a meat berserker
    13 | D        | Reached skill level 15 in Translocations
    13 | D        | Reached XP level 2. HP: 23/23 MP: 5/16
    13 | D        | Reached XP level 3. HP: 28/28 MP: 5/18
    13 | D        | Reached XP level 4. HP: 32/32 MP: 5/19
    13 | D        | Reached XP level 5. HP: 36/36 MP: 5/21
    13 | D        | Reached XP level 6. HP: 41/41 MP: 5/22
    13 | D        | Reached XP level 7. HP: 44/44 MP: 5/24
    13 | D        | Reached XP level 8. HP: 49/49 MP: 5/25
    13 | D        | Reached XP level 9. HP: 53/53 MP: 5/26
    13 | D        | Reached XP level 10. HP: 58/58 MP: 5/27
    13 | D        | Noticed a meat berserker
    13 | D        | Noticed a meat berserker
    13 | D        | Killed a bag of meat
    13 | D        | Reached * piety under Makhleb
    13 | D        | Noticed a meat berserker
    13 | D        | Noticed a meat berserker
    14 | D        | Reached skill level 10 in Fighting
    14 | D        | Reached skill level 10 in Axes
    14 | D        | Reached skill level 17 in Translocations
    14 | D        | Reached XP level 11. HP: 64/64 MP: 5/30
    14 | D        | Killed a meat berserker
    14 | D        | Killed a bag of meat
    14 | D        | Noticed a bag of meat
    14 | D        | Noticed a bag of meat
    14 | D        | Noticed a bag of meat
    14 | D        | Noticed a bag of meat
    14 | D        | Noticed a bag of meat
    15 | D        | Reached skill level 15 in Throwing
    15 | D        | Reached skill level 21 in Translocations
    15 | D        | Reached XP level 12. HP: 73/73 MP: 5/34
    15 | D        | Reached XP level 13. HP: 77/77 MP: 5/35
    15 | D        | Killed a bag of meat
    15 | D        | Reached ** piety under Makhleb
    15 | D        | Killed a bag of meat
    15 | D        | Killed a bag of meat
    15 | D        | Noticed a meat berserker
    15 | D        | Noticed a bag of meat
    16 | D        | Reached skill level 23 in Translocations
    16 | D        | Reached XP level 14. HP: 84/84 MP: 5/38
    16 | D        | Killed a bag of meat
    16 | D        | Reached *** piety under Makhleb
    16 | D        | Noticed a meat berserker
    16 | D        | Noticed a bag of meat
    16 | D        | Noticed a bag of meat
    17 | D        | Reached skill level 15 in Fighting
    17 | D        | Reached skill level 15 in Axes
    17 | D        | Killed a meat berserker
    17 | D        | Noticed a bag of meat
    17 | D        | Noticed a bag of meat
    17 | D        | Noticed a bag of meat
    17 | D        | Noticed a meat berserker
    17 | D        | Noticed a bag of meat
    18 | D        | Reached skill level 25 in Translocations
    18 | D        | Reached XP level 15. HP: 11/91 MP: 6/41
    18 | D        | Killed a meat berserker
    18 | D        | Reached **** piety under Makhleb
    18 | D        | Killed a meat berserker
    18 | D        | Noticed a large bag of meat
    18 | D        | Demolished by a meat berserker

Illustrated notes

Levels and vault maps discovered:
D:        meatsprint

Skill      XL: |  1  2  3  4  5  6  7  8  9 10 11 12 13 14 |
---------------+-------------------------------------------+-----
Fighting       | 9 10 13 14 16 | 16.0
Axes           | 9 10 13 14 16 | 16.0
Throwing       | 11 12 15 17 18 | 18.7
Dodging        | 14 16 19 22 23 | 23.7
Spellcasting   | 12 14 17 19 21 | 21.4
Translocations | 15 17 21 23 25 | 25.0

Action                     |  1- 3 |  4- 6 |  7- 9 | 10-12 | 13-15 || total
---------------------------+-------+-------+-------+-------+-------++-------
  Melee: Broad axe         |     1 |       |       |     2 |     4 ||     7

Table legend: (Time is in decaauts)
 A = Elapsed time spent in this place.
 B = Non-inter-level travel time spent in this place.
 C = Inter-level travel time spent in this place.
 D = Time resting spent in this place.
 E = Time spent auto-exploring this place.
 F = Levels seen in this place.
 G = Mean time per level.
                   A        B        C        D        E       F      G
               +--------+--------+--------+--------+--------+-----+--------+
         Total |     14 |     14 |      0 |      0 |      0 |   1 |   14.0 |
       Dungeon |     14 |     14 |      0 |      0 |      0 |   1 |   14.0 |
               +--------+--------+--------+--------+--------+-----+--------+

Top non-repeatable levels by time:
       D: 14 daAuts
